 Dungeon Crawl Stone Soup version 0.17.0-28-g6e173f8 (webtiles) character file.

1224 coffecat the Basher (level 8, -4/73 HPs)
             Began as a Minotaur Berserker on Nov 29, 2015.
             Was a Believer of Trog.
             Slain by a human
             ... wielding a +0 long sword
              (13 damage)
             ... on level 7 of the Dungeon.
             The game lasted 00:14:35 (3957 turns).

coffecat the Basher (Minotaur Berserker)            Turns: 3957, Time: 00:14:35

Health: -4/73      AC:  2    Str: 23    XL:     8   Next: 23%
Magic:  7/7        EV: 14    Int:  4    God:    Trog [**....]
Gold:   175        SH:  0    Dex: 11    Spells: 0 memorised, 7 levels left

rFire  . . .     SeeInvis .     a - +0 mace
rCold  . . .     Clarity  .     b - +0 animal skin
rNeg   . . .     SustAt   .     (no shield)
rPois  .         Gourm    .     (helmet restricted)
rElec  .         Spirit   .     (no cloak)
rCorr  .         Warding  .     (no gloves)
rMut   .         Stasis   .     (no boots)
MR     .....                    (no amulet)
Stlth  +.........               (no ring)
                                (no ring)

@: not resistant to hostile enchantments, very unstealthy
A: retaliatory headbutt, horns 2
a: Berserk, Trog's Hand, Burn Spellbooks, Renounce Religion


You were on level 7 of the Dungeon.
You worshipped Trog.
Trog was pleased with you.
You were not hungry.

You visited 1 branch of the dungeon, and saw 7 of its levels.

You collected 175 gold pieces.

Inventory:

Hand Weapons
 a - a +0 mace (weapon)
Armour
 b - a +0 animal skin (worn)
 e - a +0 chain mail
 l - the +1 pair of boots of Esuhyr {rN+ Str+2 Dex+3, unknown}
   (You found it on level 5 of the Dungeon)

   It affects your strength (+2).
   It affects your dexterity (+3).
   It protects you from negative energy.
Jewellery
 h - a +3 ring of intelligence {unknown}
Scrolls
 d - a scroll of immolation {unknown}
 g - a scroll of remove curse {unknown}
 m - a scroll of enchant weapon {unknown}
 n - a scroll of acquirement {unknown}
 o - a scroll of blinking {unknown}
Potions
 i - a potion of agility {unknown}
 j - a potion of might {unknown}
 k - 2 potions of degeneration {unknown}
 p - a potion of berserk rage {unknown}
 q - a potion of curing {unknown}
Comestibles
 c - 2 bread rations
 f - a fruit
 r - a slice of pizza


   Skills:
 + Level 7.0 Fighting
 * Level 8.4 Maces & Flails
 - Level 2.8 Armour
 + Level 6.4 Dodging
 - Level 0.5 Stealth


You had 7 spell levels left.
You didn't know any spells.

Dungeon Overview and Level Annotations

Branches:
Dungeon (7/15)             Temple (0/1) D:6

Altars:
Ashenzari
Fedhas
Kikubaaqudgha
Okawaru
Vehumet
The Shining One
Jiyva


Innate Abilities, Weirdness & Mutations

You reflexively headbutt those who attack you in melee.
You have a pair of horns on your head.


Message History

You hit the human but do no damage.
The human is lightly wounded.
The human misses you.
You hit the human but do no damage.
The human is lightly wounded.
The human hits you with a long sword!
* * * LOW HITPOINT WARNING * * *
You hit the human. Your headbutt misses the human.
The human is moderately wounded.
You hit the human but do no damage.
The human is moderately wounded.
The human hits you with a long sword!
* * * LOW HITPOINT WARNING * * *
You barely miss the human.
The human is moderately wounded.
The human completely misses you.
You hit the human but do no damage.
The human is moderately wounded.
The human hits you with a long sword!
You die...

### . #.. . #.##. #...
#..###### ...
#..#8...#... ...
#..###).#.. #.#
#......@#.. #.####
#..###p.#.# #.#...
#..#8...#.# #.#...
##.######.# #####.#...
#........#####......###
####...........####...#
#...........#.#.....
#............#.#....
###########.####....


You could see a human.

Vanquished Creatures
  The ghost of AAAAA the Basher, a novice OgFi (D:4)
  Grinder (D:3)
  A human (D:7)
  An ogre (D:5)
  A giant frog (D:6)
  A centaur skeleton (D:7)
  2 jellies (D:6)
  2 worker ants
  2 giant frog skeletons
  An orc wizard (D:7)
  Robin (D:2)
  7 adders
  2 oozes (D:6)
  An adder skeleton (D:4)
  2 worms
  5 orcs
  A ball python (D:4)
  A giant cockroach (D:2)
  4 hobgoblins
  5 bats
  2 giant geckos (D:7)
  A giant gecko zombie (D:5)
  4 giant newts
  12 goblins
  5 kobolds
  A quokka (D:2)
  A rat (D:3)
68 creatures vanquished.

Notes
Turn   | Place    | Note
--------------------------------------------------------------
     0 | D:1      | coffecat the Minotaur Berserker began the quest for the Orb.
     0 | D:1      | Reached XP level 1. HP: 19/19 MP: 0/0
   197 | D:2      | Found a blossoming altar of Fedhas.
   205 | D:2      | Reached XP level 2. HP: 16/27 MP: 1/1
   481 | D:2      | Found a radiant altar of Vehumet.
   505 | D:2      | Reached skill level 4 in Fighting
   505 | D:2      | Reached XP level 3. HP: 9/33 MP: 2/2
   865 | D:2      | Noticed Robin
   969 | D:2      | Killed Robin
   976 | D:2      | Reached ** piety under Trog
  1434 | D:3      | Reached XP level 4. HP: 21/40 MP: 3/3
  1687 | D:3      | Found an ancient bone altar of Kikubaaqudgha.
  1697 | D:3      | Noticed Grinder
  1707 | D:3      | Killed Grinder
  1707 | D:3      | Reached skill level 5 in Fighting
  1707 | D:3      | Reached skill level 5 in Maces & Flails
  1707 | D:3      | Reached XP level 5. HP: 17/48 MP: 4/4
  1707 | D:3      | Reached XP level 6. HP: 19/56 MP: 5/5
  2043 | D:4      | Noticed AAAAA's ghost (novice OgFi)
  2056 | D:4      | Killed AAAAA's ghost
  2056 | D:4      | Reached skill level 6 in Fighting
  2056 | D:4      | Reached skill level 7 in Maces & Flails
  2056 | D:4      | Reached skill level 5 in Dodging
  2056 | D:4      | Reached XP level 7. HP: 9/63 MP: 6/6
  2382 | D:4      | Found a glowing golden altar of the Shining One.
  2589 | D:5      | Entered Level 5 of the Dungeon
  2602 | D:5      | Got a pair of scorched boots
  2937 | D:6      | Found a viscous altar of Jiyva.
  2962 | D:6      | HP: 4/96 [acid (2)]
  3287 | D:6      | Found a staircase to the Ecumenical Temple.
  3304 | D:6      | Reached XP level 8. HP: 71/71 MP: 7/7
  3343 | D:6      | Found a shattered altar of Ashenzari.
  3361 | D:7      | Reached skill level 8 in Maces & Flails
  3936 | D:7      | Found an iron altar of Okawaru.
  3957 | D:7      | Slain by a human

Action                   |  1- 3 |  4- 6 |  7- 9 || total
-------------------------+-------+-------+-------++-------
Melee: Mace              |    66 |    26 |    79 ||   171
Invok: Berserk           |     2 |     2 |     1 ||     5
       Trog's Hand       |       |     1 |       ||     1
 Stab: Sleeping          |       |       |     1 ||     1
  Eat: Fruit             |     1 |     1 |       ||     2
       Meat ration       |     1 |       |     1 ||     2
       Bread ration      |       |       |     1 ||     1
       Chunk             |       |       |     1 ||     1
